 Dungeon Crawl Stone Soup version 0.32-a0-597-g8e3e136d6a (webtiles) character file.

Game seed: 12818654585889804380

1032 Sabo the Charlatan (level 8, -3/50 (58) HPs)
             Began as a Coglin Artificer on Mar 2, 2024.
             Was a Believer of Okawaru.
             Slain by a wight
             ... wielding a +0 great sword
              (4 damage)
             ... on level 6 of the Dungeon.
             The game lasted 00:30:04 (5570 turns).

Sabo the Charlatan (Coglin Artificer)               Turns: 5570, Time: 00:30:04

HP:   -3/50 (58)    AC: 13    Str: 14    XL:     8   Next: 23%
MP:   8/8           EV:  7    Int: 11    God:    Okawaru [**....]
Gold: 383           SH:  0    Dex: 15    Spells: 7/7 levels left

rFire   . . .        (no weapon)
rCold   . . .        n - +4 flail (venom) {Clara}
rNeg    . . .        y - +0 chain mail
rPois   .            (no helmet)
rElec   .            o - +2 cloak
rCorr   .            b - +0 pair of gloves
SInv    .            (no boots)
Will    .....        (amulet unavailable) Stlth
                     (ring unavailable)
HPRegen 0.28/turn    (ring unavailable)
MPRegen 0.11/turn    (no gizmo)

%: no passive effects
@: heavily drained, revved
A: off-hand wielding, slow wielding, warmup strikes, no jewellery
a: Invent Gizmo, Renounce Religion, Heroism


You were on level 6 of the Dungeon.
You worshipped Okawaru.
Okawaru was pleased with you.
You visited 1 branch of the dungeon, and saw 6 of its levels.

You collected 383 gold pieces.

Inventory:

Hand Weapons
 a - a +0 sling
 f - a +4 dagger of venom {Belanum}
 g - a +0 war axe {Zimri-Dagan}
 n - a +4 flail of venom (offhand) {Clara}
 C - a +4 orcbow of draining
Missiles
 d - 6 curare-tipped darts
 z - 22 poisoned darts
Armour
 b - a +0 pair of gloves (worn)
 o - a +2 cloak (worn)
 y - a +0 chain mail (worn)
Talismans
 m - a maw talisman
 x - a blade talisman
Wands
 c - a wand of flame (24) (quivered)
 e - a wand of iceblast (4)
 k - a wand of warping (7)
 B - a wand of polymorph (10)
Scrolls
 i - a scroll of blinking
 l - a scroll of fear
 r - 2 scrolls of fog
 t - a scroll of amnesia
 A - a scroll of vulnerability
Potions
 h - 3 potions of might {unknown}
 j - 3 potions of curing
 p - a potion of degeneration {unknown}
 q - a potion of attraction {unknown}
 s - a potion of mutation {unknown}
 u - 3 potions of heal wounds {unknown}
 v - a potion of berserk rage {unknown}
 w - a potion of enlightenment {unknown}
 D - a potion of cancellation {unknown}


   Skills:
 + Level 3.0 Fighting
 + Level 3.3 Short Blades
 + Level 2.3(3.5) Axes
 + Level 3.5(3.8) Maces & Flails
 + Level 4.2 Armour
 + Level 2.3 Dodging
 + Level 1.7 Stealth
 + Level 5.3 Evocations


You had 7 spell levels left.
You didn't know any spells.
Your spell library contained the following spells:

 Spells                   Type           Power      Damage    Failure   Level
 Sublimation of Blood     Necr           0%         N/A       100%        2
 Call Imp                 Summ           Unusable   N/A       N/A         2
 Summon Hydra             Summ           Unusable   N/A       N/A         7

Dungeon Overview and Level Annotations

Branches:
Dungeon (6/15)             Temple (0/1) D:5

Altars:
Hepliaklqana
Makhleb
Okawaru
Wu Jian


Innate Abilities, Weirdness & Mutations

You can wield a second weapon in your off-hand.
It takes a long time for you to wield or remove held weapons.
Your first few attacks do less damage.
You cannot equip rings or amulets.


Message History

The wight hits you with a +0 great sword.
You feel drained.
You continue parting from your +4 dagger of venom {Belanum}.
The howler monkey hits you but does no damage.
The wight barely misses you. The wight hits you but does no damage.
The wight barely misses you.
You whisper farewell to Belanum.
You finish parting from your +4 dagger of venom {Belanum}.
Your +4 dagger of venom {Belanum} stops dripping with poison.
You hit the wight with your +4 flail of venom.
The wight is moderately damaged.
The howler monkey hits you. The wight barely misses you.
The wight hits you with a +1 scimitar.
* * * LOW HITPOINT WARNING * * *
You feel drained.
* * * LOW HITPOINT WARNING * * *
The wight hits you but does no damage. The wight barely misses you.
The howler monkey hits you but does no damage.
You sock the wight with your +4 flail of venom!
The wight is severely damaged.
The howler monkey hoots and howls with incredible vigour!
The wight hits you with a +0 morningstar.
* * * LOW HITPOINT WARNING * * *
You feel drained.
* * * LOW HITPOINT WARNING * * *
The wight hits you with a +1 scimitar.
* * * LOW HITPOINT WARNING * * *
The wight hits you from afar with a +0 spear.
* * * LOW HITPOINT WARNING * * *
The wight hits you with a +0 great sword.
* * * LOW HITPOINT WARNING * * *
It was a potion of curing.
You feel better. The howler monkey barely misses you.
The wight hits you with a +0 morningstar.
* * * LOW HITPOINT WARNING * * *
The wight hits you with a +1 scimitar.
* * * LOW HITPOINT WARNING * * *
The wight barely misses you.
The wight hits you with a +0 great sword.
You die...

### ..# ## #.#### ###
#.###...#########.##
######.#.##.............
......z<.....######.####
.#####z@####.# #..# #zh#
#.# #...# #zY# #.# ##..#
#WS# #.# ##.#### ..W#
#.# ...... ?.... ...
##.... ..... #. #....
#.#... .. #...#
.#.#.###.[.#


You could see an ice beast, 2 phantoms, a howler monkey, 4 wights and an adder.

Vanquished Creatures
  Edmund (D:4)
  A centaur (D:5)
  A phantom (D:4)
  A kobold brigand (D:6)
  2 scorpions (D:5)
  4 hounds
  Crazy Yiuf (D:3)
  5 orc priests
  An iguana (D:4)
  2 sleepcaps
  9 adders
  3 gnolls (D:2)
  2 ufetubi (D:6)
  3 dart slugs
  A ribbon worm (D:2)
  14 orcs
  5 endoplasms
  4 giant cockroaches
  5 goblins
  7 hobgoblins
  2 jackals (D:3)
  9 kobolds
  3 quokkas
  6 ball pythons
  5 bats
  A frilled lizard (D:1)
  3 rats (D:1)
101 creatures vanquished.

Notes
Turn   | Place    | Note
-------+----------+-------------------------------------------
     0 | D:1      | Sabo the Coglin Artificer began the quest for the Orb.
     0 | D:1      | Reached XP level 1. HP: 15/15 MP: 1/1
   233 | D:1      | Reached XP level 2. HP: 21/21 MP: 2/2
   781 | D:1      | Reached XP level 3. HP: 26/26 MP: 3/3
   990 | D:2      | Found an iron altar of Okawaru.
  1000 | D:2      | Became a worshipper of Warmaster Okawaru
  1059 | D:2      | Reached skill level 5 in Evocations
  1090 | D:2      | Reached skill level 1 in Stealth
  1093 | D:2      | Reached skill level 1 in Dodging
  1093 | D:2      | Reached XP level 4. HP: 11/32 MP: 4/4
  1295 | D:2      | Reached skill level 1 in Short Blades
  1616 | D:2      | Found a faded altar of an unknown god.
  2073 | D:3      | Found a burning altar of Makhleb.
  2262 | D:3      | Found a runed translucent door.
  2263 | D:3      | Noticed Crazy Yiuf
  2269 | D:3      | Killed Crazy Yiuf
  2270 | D:3      | Reached XP level 5. HP: 35/38 MP: 5/5
  2740 | D:4      | Noticed Edmund
  2751 | D:4      | Killed Edmund
  2752 | D:4      | Reached skill level 1 in Axes
  2752 | D:4      | Reached skill level 1 in Maces & Flails
  2752 | D:4      | Reached XP level 6. HP: 22/44 MP: 6/6
  2884 | D:4      | Reached * piety under Okawaru
  3235 | D:4      | Reached XP level 7. HP: 41/51 MP: 7/7
  3297 | D:4      | Found a hazy altar of Hepliaklqana.
  3787 | D:5      | Entered Level 5 of the Dungeon
  3889 | D:5      | Found a staircase to the Ecumenical Temple.
  4131 | D:5      | Found an ornate altar of the Wu Jian Council.
  4729 | D:5      | Reached XP level 8. HP: 8/55 MP: 8/8
  5297 | D:6      | Reached ** piety under Okawaru
  5569 | D:6      | HP: 1/50 [wight/+0 great sword (4)]
  5570 | D:6      | Slain by a wight

Illustrated notes

Levels and vault maps discovered:
D:1:      nzn_arrival_crosshair, layout_loops_corners
D:2:      layout_loops_ring, ebering_ecumenical_altar_rust, basic_altar
D:3:      layout_basic, bloody_makhleb, uniq_crazy_yiuf_cottage
D:4:      layout_loops_ring, kennysheep_mini_moat, serial_bayou_ford_a,
          dreamdust_princess_corridor, grunt_decor_cap, uniq_edmund
D:5:      kennysheep_six_static_rooms, layout_basic, lemuel_tele_altar,
          minmay_temple_entry_statues_pillars
D:6:      layout_loops_ring, nicolae_overflow_hidden_temple,
          gammafunk_ghost_nasty_kobolds, hangedman_abyss_or_decor_slice,
          hangedman_abyss_or_decor_lesser_grid

Skill      XL: |  1  2  3  4  5  6  7 |
---------------+----------------------+-----
Armour         | 2 3 4 |  4.2
Evocations     | 5 |  5.3
Stealth        | 1 |  1.7
Dodging        | 1 2 |  2.3
Short Blades   | 1 2 3 |  3.3
Fighting       | 2 3 |  3.0
Axes           | 1 2 |  2.3
Maces & Flails | 1 3 |  3.5

Action                     |  1- 3 |  4- 6 |  7- 9 || total
---------------------------+-------+-------+-------++-------
  Melee: Dagger            |    41 |    59 |    79 ||   179
         Whip              |    10 |       |       ||    10
         Club              |     1 |       |       ||     1
         Short sword       |    31 |       |       ||    31
         Flail             |       |    38 |    86 ||   124
         War axe           |       |    24 |       ||    24
  Evoke: Wand              |     2 |       |       ||     2
    Use: Scroll            |       |     3 |     4 ||     7
         Potion            |       |       |     1 ||     1
   Stab: Sleeping          |     1 |     1 |       ||     2
 Armour: Leather armour    |    18 |    21 |       ||    39
         Chain mail        |       |    27 |   148 ||   175
  Dodge: Dodged            |    24 |    38 |    61 ||   123

Table legend: (Time is in decaauts)
 A = Elapsed time spent in this place.
 B = Non-inter-level travel time spent in this place.
 C = Inter-level travel time spent in this place.
 D = Time resting spent in this place.
 E = Time spent auto-exploring this place.
 F = Levels seen in this place.
 G = Mean time per level.
                   A        B        C        D        E       F      G
               +--------+--------+--------+--------+--------+-----+--------+
         Total |   5626 |   5626 |      0 |    748 |      0 |   6 |  937.7 |
       Dungeon |   5626 |   5626 |      0 |    748 |      0 |   6 |  937.7 |
               +--------+--------+--------+--------+--------+-----+--------+

Top non-repeatable levels by time:
     D:5: 1287 daAuts
     D:4: 1142 daAuts
     D:1: 968 daAuts
     D:3: 892 daAuts
     D:2: 819 daAuts
     D:6: 515 daAuts
